 Dungeon Crawl Stone Soup version 0.28.0-47-ge53b351184 (webtiles) character file.

Game seed: 1343669658151811206

9672 Bruhh the Frost Mage (level 11, -8/82 HPs)
             Began as a Gnoll Ice Elementalist on Apr 30, 2022.
             Mangled by a bog body (12 damage)
             ... on level 2 of the Lair of Beasts.
             The game lasted 00:23:16 (12532 turns).

Bruhh the Frost Mage (Gnoll Ice Elementalist)      Turns: 12532, Time: 00:23:17

Health: -8/82      AC: 16    Str:  8    XL:     11   Next: 50%
Magic:  23/23      EV: 10    Int: 19    God:
Gold:   649        SH:  0    Dex: 12    Spells: 19/26 levels left

rFire   . . .      SeeInvis .   l - +8 dagger of Doom {vorpal, rC+}
rCold   + . .      Faith    .   (no shield)
rNeg    . . .      Spirit   .   G - +3 scale mail
rPois   .          Reflect  .   v - +2 hat
rElec   .          Harm     .   (no cloak)
rCorr   .          Rampage  .   (no gloves)
Will    .....                   (no boots)
Stlth   +.........              b - amulet of magic regeneration
HPRegen 0.23/turn               F - ring of wizardry
MPRegen 0.58/turn               I - +4 ring of protection

@: silenced, slowed, very slow
A: fangs 1, strong nose, distributed training
a: no special abilities


You were on level 2 of the Lair of Beasts.
You visited 2 branches of the dungeon, and saw 11 of its levels.

You collected 649 gold pieces.

Inventory:

Hand Weapons
 j - a +3 scimitar of flaming
 l - the +8 dagger of Doom (weapon) {vorpal, rC+}
   (You found it on level 2 of the Dungeon)

   It inflicts extra damage upon your enemies.
   rC:        It protects you from cold.
 p - the +4 hand axe "Vioprun" {vorpal, rPois rF+ Str+5 Int-4}
   (You found it on level 3 of the Dungeon)

   It inflicts extra damage upon your enemies.
   Str:       It affects your strength (+5).
   Int:       It affects your intelligence (-4).
   rF:        It protects you from fire.
   rPois:     It protects you from poison.
Missiles
 g - 21 poisoned darts
 L - 2 throwing nets
Armour
 a - a +0 robe
 v - a +2 hat (worn)
 G - a +3 scale mail (worn)
 M - a +2 robe of willpower
Magical Staves
 y - a staff of air
Jewellery
 b - an amulet of magic regeneration (around neck)
 t - an amulet of faith
 B - a ring of positive energy
 F - a ring of wizardry (left hand)
 I - a +4 ring of protection (right hand)
 J - a ring of willpower
 N - a +6 ring of intelligence
Wands
 o - a wand of flame (34)
 q - a wand of mindburst (3)
 x - a wand of charming (9)
 K - a wand of acid (21)
Scrolls
 c - 2 scrolls of amnesia
 d - 4 scrolls of teleportation
 e - 2 scrolls of enchant armour
 f - a scroll of enchant weapon
 h - 3 scrolls of noise
 i - 2 scrolls of fear
 n - 2 scrolls of immolation
 E - a scroll of vulnerability
 H - a scroll of blinking
Potions
 r - 2 potions of brilliance
 s - a potion of cancellation
 u - a potion of ambrosia {unknown}
 z - a potion of flight {unknown}
 A - a potion of lignification {unknown}
 C - a potion of attraction {unknown}
 D - 2 potions of mutation {unknown}
 O - a potion of curing


   Skills:
 + Level 6.3 Fighting
 + Level 6.3 Short Blades
 + Level 6.3 Long Blades
 + Level 6.3 Axes
 + Level 6.3 Maces & Flails
 + Level 6.3 Polearms
 + Level 6.3 Staves
 + Level 6.3 Slings
 + Level 6.3 Bows
 + Level 6.3 Crossbows
 + Level 6.3 Throwing
 + Level 6.3 Armour
 + Level 7.9 Dodging
 + Level 7.7 Stealth
 + Level 6.3 Shields
 + Level 6.3 Unarmed Combat
 + Level 8.2 Spellcasting
 + Level 5.2 Conjurations
 + Level 5.2 Hexes
 + Level 5.2 Summonings
 + Level 5.2 Necromancy
 + Level 5.2 Translocations
 + Level 5.2 Transmutations
 + Level 5.2 Fire Magic
 + Level 9.0 Ice Magic
 + Level 5.2 Air Magic
 + Level 5.2 Earth Magic
 + Level 5.2 Poison Magic
 + Level 7.0 Invocations
 + Level 6.3 Evocations


You had 19 spell levels left.
You knew the following spells:

 Your Spells              Type           Power      Damage    Failure   Level
a - Freeze                Ice            100%       1d11      1%          1
b - Frozen Ramparts       Ice            84%        1d10      1%          3
c - Ozocubu's Armour      Ice            42%        N/A       1%          3

Your spell library contained the following spells:

 Spells                   Type           Power      Damage    Failure   Level
 Ensorcelled Hibernation  Hex/Ice        68%        N/A       2%          2
 Animate Skeleton         Necr           54%        N/A       3%          1
 Apportation              Tloc           54%        N/A       3%          1
 Summon Small Mammal      Summ           100%       N/A       3%          1
 Spider Form              Tmut/Pois      27%        N/A       10%         3
 Hailstorm                Conj/Ice       34%        3d9       14%         4
 Anguish                  Hex/Necr       13%        N/A       30%         4
 Passage of Golubria      Tloc           27%        N/A       30%         4
 Silence                  Hex/Air        13%        N/A       61%         5
 Lehudib's Crystal Spear  Conj/Erth      13%        10d5      100%        8


Dungeon Overview and Level Annotations

Branches:
Dungeon (9/15)             Temple (0/1) D:6            Lair (2/6) D:8
  Swamp: Lair:2-4    Shoals: Lair:2-4     Snake: Lair:2-4    Spider: Lair:2-4
    Orc: D:9-12

Altars:
Cheibriados

Shops:
D:1 (

Annotations:
D:3 2 transporters


Innate Abilities, Weirdness & Mutations

You have very sharp teeth.
Your uncanny sense of smell can sniff out nearby items.
Your experience applies equally to all skills.


Message History

Press: ? - help, Dir - move target Your weapon can't reach that far!
Okay, then.
As you read the scroll of silence, it crumbles to dust.
A profound silence engulfs you.
You closely miss the bog body. You bite the bog body.
The bog body is lightly damaged.
The bog body touches you! The bog body freezes you! You resist.
You hit the bog body.
You bite the bog body, but do no damage.
The bog body is lightly damaged.
The bog body closely misses you.
You hit the bog body.
The bog body is moderately damaged.
The archway melts and disappears.
The bog body touches you but does no damage.
You hit the bog body.
The bog body is moderately damaged.
The bog body touches you! The bog body freezes you! You resist.
You hit the bog body.
The bog body is heavily damaged.
The bog body closely misses you.
You hit the bog body but do no damage.
The bog body is heavily damaged.
The bog body touches you. The bog body freezes you! You resist.
You barely miss the bog body.
The bog body is heavily damaged.
The bog body closely misses you.
You hit the bog body. You punch the bog body.
You bite the bog body, but do no damage.
The bog body is severely damaged.
The bog body touches you!
* * * LOW HITPOINT WARNING * * *
The bog body freezes you! You resist.
* * * LOW HITPOINT WARNING * * *
Magic scrolls do not work when you're silenced!
The bog body touches you.
* * * LOW HITPOINT WARNING * * *
The bog body freezes you! You resist.
You die...

.......P######.##.#........##
#...........................#
...........................##
..................##.##....#
.......#.#.#####..######...#
.#.....##### #....# ##..##
#......#P.## #...## #...#
...........# ##..## #..##
...........# #@..# ##...##
...........# #n..#####...#.#
...........# #...#........##
...........#####...........###
...........##.##.............#
................>...........##
.......................##...#
............................#
...................##......##


You could see a bog body.

Vanquished Creatures
  A hydra (Lair:1)
  Erica (D:8)
  A bog body (Lair:2)
  Maurice (D:8)
  9 cane toads
  Maggie (D:8)
  A komodo dragon (Lair:2)
  3 basilisks
  2 wargs (D:8)
  Edmund (D:6)
  4 water moccasins
  An ice beast (D:5)
  2 orc warriors
  A necrophage (D:8)
  A black bear (Lair:1)
  3 ogres
  2 phantoms
  3 centaurs
  2 kobold brigands
  6 bullfrogs
  A gnoll sergeant (D:6)
  A scorpion (D:6)
  A wyvern zombie (D:8)
  A wyvern skeleton (D:7)
  9 killer bees
  6 howler monkeys
  An electric eel (Lair:1)
  A centaur zombie (D:5)
  A hound (D:5)
  2 gnoll shamans
  4 orc priests
  2 jellies
  A centaur skeleton (D:7)
  3 iguanas
  3 orc wizards
  2 killer bee zombies
  A hound skeleton (D:5)
  2 howler monkey zombies (D:8)
  A howler monkey skeleton (D:7)
  9 gnolls
  6 adders
  A shadow imp (D:5)
  13 white imps
  A worm (D:6)
  4 dart slugs
  23 orcs
  7 bats
  4 endoplasms
  2 giant cockroaches
  3 goblins
  10 hobgoblins
  2 jackals (D:3)
  12 kobolds
  3 ball pythons
  2 frilled lizards
  2 rats (D:1)
193 creatures vanquished.

Vanquished Creatures (others)
  3 fungi (Lair:2)
  2 plants
5 creatures vanquished.

Grand Total: 198 creatures vanquished

Notes
Turn   | Place    | Note
-------+----------+-------------------------------------------
     0 | D:1      | Bruhh the Gnoll Ice Elementalist began the quest for the
                  | Orb.
     0 | D:1      | Reached XP level 1. HP: 13/13 MP: 6/6
   127 | D:1      | Found Acrad's Weapon Shop.
   248 | D:1      | Reached XP level 2. HP: 19/19 MP: 5/7
   805 | D:2      | Found a faded altar of an unknown god.
  1059 | D:2      | Reached XP level 3. HP: 21/25 MP: 7/9
  1063 | D:2      | Learned a level 3 spell: Frozen Ramparts
  1067 | D:2      | Learned a level 3 spell: Ozocubu's Armour
  1238 | D:2      | Reached skill level 5 in Spellcasting
  1249 | D:2      | Identified the +8 dagger of Doom {vorpal, rC+}
  1507 | D:2      | Noticed an ogre
  1519 | D:2      | Killed an ogre
  1520 | D:2      | Reached skill level 1 in Fighting
  1520 | D:2      | Reached skill level 1 in Short Blades
  1520 | D:2      | Reached skill level 1 in Long Blades
  1520 | D:2      | Reached skill level 1 in Axes
  1520 | D:2      | Reached skill level 1 in Maces & Flails
  1520 | D:2      | Reached skill level 1 in Polearms
  1520 | D:2      | Reached skill level 1 in Staves
  1520 | D:2      | Reached skill level 1 in Slings
  1520 | D:2      | Reached skill level 1 in Bows
  1520 | D:2      | Reached skill level 1 in Crossbows
  1520 | D:2      | Reached skill level 1 in Throwing
  1520 | D:2      | Reached skill level 1 in Armour
  1520 | D:2      | Reached skill level 1 in Shields
  1520 | D:2      | Reached skill level 1 in Unarmed Combat
  1520 | D:2      | Reached skill level 1 in Conjurations
  1520 | D:2      | Reached skill level 1 in Hexes
  1520 | D:2      | Reached skill level 1 in Summonings
  1520 | D:2      | Reached skill level 1 in Necromancy
  1520 | D:2      | Reached skill level 1 in Translocations
  1520 | D:2      | Reached skill level 1 in Transmutations
  1520 | D:2      | Reached skill level 1 in Fire Magic
  1520 | D:2      | Reached skill level 1 in Air Magic
  1520 | D:2      | Reached skill level 1 in Earth Magic
  1520 | D:2      | Reached skill level 1 in Poison Magic
  1520 | D:2      | Reached skill level 1 in Invocations
  1520 | D:2      | Reached skill level 1 in Evocations
  1520 | D:2      | Reached XP level 4. HP: 32/32 MP: 3/11
  1520 | D:2      | Reached XP level 5. HP: 37/37 MP: 3/12
  1797 | D:3      | Found a transporter.
  2001 | D:3      | Identified the +4 hand axe "Vioprun" {vorpal, rPois rF+
                  | Str+5 Int-4}
  2244 | D:3      | Found a transporter.
  2753 | D:4      | Reached XP level 6. HP: 18/44 MP: 7/13
  3460 | D:4      | Reached skill level 5 in Dodging
  3715 | D:5      | Entered Level 5 of the Dungeon
  3913 | D:5      | Reached XP level 7. HP: 26/50 MP: 12/15
  4297 | D:5      | Reached skill level 5 in Stealth
  5188 | D:6      | Found a staircase to the Ecumenical Temple.
  5230 | D:6      | Reached XP level 8. HP: 51/57 MP: 13/16
  5301 | D:6      | Noticed Edmund
  5311 | D:6      | Killed Edmund
  5987 | D:6      | Found a snail-covered altar of Cheibriados.
  7468 | D:7      | Reached XP level 9. HP: 63/65 MP: 14/18
  8036 | D:7      | Reached skill level 8 in Ice Magic
  8466 | D:8      | Noticed Erica
  8468 | D:8      | Noticed Maggie
  8482 | D:8      | Killed Erica
  8483 | D:8      | Reached skill level 5 in Invocations
  8485 | D:8      | Killed Maggie
  8684 | D:8      | Found a staircase to the Lair.
  8685 | D:8      | Noticed Maurice
  8694 | D:8      | Reached XP level 10. HP: 50/73 MP: 16/20
  8701 | D:8      | Reached skill level 5 in Fighting
  8701 | D:8      | Reached skill level 5 in Short Blades
  8701 | D:8      | Reached skill level 5 in Long Blades
  8701 | D:8      | Reached skill level 5 in Axes
  8701 | D:8      | Reached skill level 5 in Maces & Flails
  8701 | D:8      | Reached skill level 5 in Polearms
  8701 | D:8      | Reached skill level 5 in Staves
  8701 | D:8      | Reached skill level 5 in Slings
  8701 | D:8      | Reached skill level 5 in Bows
  8701 | D:8      | Reached skill level 5 in Crossbows
  8701 | D:8      | Reached skill level 5 in Throwing
  8701 | D:8      | Reached skill level 5 in Armour
  8701 | D:8      | Reached skill level 5 in Shields
  8701 | D:8      | Reached skill level 5 in Unarmed Combat
  8701 | D:8      | Reached skill level 5 in Evocations
  9025 | D:8      | Killed Maurice
  9960 | Lair:1   | Entered Level 1 of the Lair of Beasts
 10029 | Lair:1   | Noticed a cane toad
 10040 | Lair:1   | Killed a cane toad
 10382 | Lair:1   | Noticed a cane toad
 10396 | Lair:1   | Killed a cane toad
 10580 | Lair:1   | Noticed a five-headed hydra
 10597 | Lair:1   | Killed a five-headed hydra
 11011 | Lair:1   | Noticed a cane toad
 11019 | Lair:1   | Killed a cane toad
 11020 | Lair:1   | Reached XP level 11. HP: 81/81 MP: 17/22
 11385 | Lair:1   | Reached skill level 5 in Conjurations
 11385 | Lair:1   | Reached skill level 5 in Hexes
 11385 | Lair:1   | Reached skill level 5 in Summonings
 11385 | Lair:1   | Reached skill level 5 in Necromancy
 11385 | Lair:1   | Reached skill level 5 in Translocations
 11385 | Lair:1   | Reached skill level 5 in Transmutations
 11385 | Lair:1   | Reached skill level 5 in Fire Magic
 11385 | Lair:1   | Reached skill level 5 in Air Magic
 11385 | Lair:1   | Reached skill level 5 in Earth Magic
 11385 | Lair:1   | Reached skill level 5 in Poison Magic
 12096 | Lair:2   | Found a frozen archway.
 12307 | Lair:2   | Noticed a bog body
 12428 | Lair:2   | Killed a bog body
 12429 | Lair:2   | Reached skill level 9 in Ice Magic
 12449 | Lair:2   | Noticed a bog body
 12532 | Lair:2   | HP: 4/82 [bog body (1)]
 12532 | Lair:2   | Mangled by a bog body

Illustrated notes

Levels and vault maps discovered:
D:1:      amcnicky_arrival_single_pillar, layout_basic, serial_shops,
          nicolae_shop_bloodbath_and_beyond, minmay_misc_feat_room
D:2:      layout_basic, dreamdust_ecumenical_altar_statues, minmay_pentomino_z2
D:3:      gammafunk_wand_slinger, layout_loops_ring
D:4:      layout_basic
D:5:      layout_cave_pools, portal_sewer_entry_d, kennysheep_generic_room_15
D:6:      layout_basic, slow_altar_2, minmay_temple_entry_statues_fountains,
          uniq_edmund
D:7:      layout_basic
D:8:      layout_loops_ring, erik_lair_orcish_takeover, uniq_maurice,
          uniq_maggie, uniq_erica
D:9:      layout_roguey, hellmonk_ghost_big_iron
Lair:1:   layout_hall_layers, nicolae_quartered_pool_medium, minivault_25,
          lemuel_old_faithful
Lair:2:   layout_chaotic_city, nicolae_swamp_entry_splash_gauntlet,
          portal_ice_cave_entry_imps

Skill      XL: |  1  2  3  4  5  6  7  8  9 10 11 |
---------------+----------------------------------+-----
Spellcasting   | 5 6 7 8 |  8.2
Fighting       | 1 2 3 4 5 6 |  6.3
Short Blades   | 1 2 3 4 5 6 |  6.3
Long Blades    | 1 2 3 4 5 6 |  6.3
Axes           | 1 2 3 4 5 6 |  6.3
Maces & Flails | 1 2 3 4 5 6 |  6.3
Polearms       | 1 2 3 4 5 6 |  6.3
Staves         | 1 2 3 4 5 6 |  6.3
Slings         | 1 2 3 4 5 6 |  6.3
Bows           | 1 2 3 4 5 6 |  6.3
Crossbows      | 1 2 3 4 5 6 |  6.3
Throwing       | 1 2 3 4 5 6 |  6.3
Armour         | 1 2 3 4 5 6 |  6.3
Shields        | 1 2 3 4 5 6 |  6.3
Unarmed Combat | 1 2 3 4 5 6 |  6.3
Conjurations   | 1 2 3 4 5 |  5.2
Hexes          | 1 2 3 4 5 |  5.2
Summonings     | 1 2 3 4 5 |  5.2
Necromancy     | 1 2 3 4 5 |  5.2
Translocations | 1 2 3 4 5 |  5.2
Transmutations | 1 2 3 4 5 |  5.2
Fire Magic     | 1 2 3 4 5 |  5.2
Air Magic      | 1 2 3 4 5 |  5.2
Earth Magic    | 1 2 3 4 5 |  5.2
Poison Magic   | 1 2 3 4 5 |  5.2
Invocations    | 1 2 3 4 5 6 7 |  7.0
Evocations     | 1 2 3 4 5 6 |  6.3
Dodging        | 5 6 7 |  7.9
Stealth        | 5 6 7 |  7.7
Ice Magic      | 8 9 |  9.0

Action                   |  1- 3 |  4- 6 |  7- 9 | 10-12 || total
-------------------------+-------+-------+-------+-------++-------
Melee: Unarmed           |     5 |       |       |       ||     5
       Dagger            |     9 |    14 |   127 |   171 ||   321
       Bite              |     1 |       |    16 |    26 ||    43
       Punch             |       |       |     2 |     3 ||     5
Throw: Dart              |       |       |       |     2 ||     2
 Cast: Freeze            |    29 |    50 |    60 |    73 ||   212
       Ozocubu's Armour  |     1 |     1 |    11 |    13 ||    26
       Frozen Ramparts   |     1 |     1 |    13 |    16 ||    31
  Use: Potion            |       |       |     3 |     7 ||    10
       Scroll            |       |       |       |    13 ||    13
 Stab: Sleeping          |       |       |       |     2 ||     2
Armor: Robe              |     4 |    10 |    34 |       ||    48
       Scale mail        |       |       |    44 |   104 ||   148
Dodge: Dodged            |    29 |    37 |   105 |    95 ||   266
